 Dungeon Sprint DCSS version 0.20.1-1-g8b1a95d (webtiles) character file.

16 suicidejoker the Sneak (level 5, 0/39 HPs)
             Began as an Octopode Monk on Aug 28, 2017.
             Was an Elder of Cheibriados.
             Slain by a wolf (5 damage)
             ... in the Dungeon (Sprint VI: "Thunderdome").
             The game lasted 00:01:58 (248 turns).

suicidejoker the Sneak (Octopode Monk)               Turns: 248, Time: 00:01:59

Health: 0/39       AC:  1    Str: 21    XL:     5   Next: 39%
Magic:  10/10      EV: 18    Int: 22    God:    Cheibriados [****..]
Gold:   230        SH:  0    Dex: 25    Spells: 11/11 levels left

rFire    . . .     SeeInvis .     - Unarmed
rCold    . . .     Gourm    .   (no shield)
rNeg     . . .     Faith    .   (helmet restricted)
rPois    .         Spirit   .   (no amulet)
rElec    .         Reflect  .   (no ring)
rCorr    .         Harm     .   (no ring)
MR       .....     NoTele   +   (no ring)
Stlth    +++++.....             (no ring)
Regen    0.2/turn               (no ring)
MPRegen  0.2/turn               (no ring)
                                (no ring)
                                (no ring)

@: very slow
A: almost no armour, stealthy swim, amphibious, 8 rings, constrict 8, camouflage
1, gelatinous body 1
a: Bend Time, Temporal Distortion, Slouch, Renounce Religion


You were in the Dungeon.
You worshipped Cheibriados.
Cheibriados was greatly pleased with you.
You were not hungry.

You visited 1 branch You collected 230 gold pieces.

Inventory:

Wands
 h - a wand of acid (5/15)
 i - a wand of iceblast (5/15)
Scrolls
 g - 4 scrolls of blinking
 j - 3 scrolls of fog
Potions
 b - a potion of curing
 c - 4 potions of heal wounds
 d - 4 potions of haste
 e - 2 potions of magic
 f - a potion of berserk rage
 k - a potion of resistance
Comestibles
 a - a bread ration


   Skills:
 + Level 5.2 Fighting
 + Level 5.2 Dodging
 + Level 6.4 Stealth
 + Level 5.2 Unarmed Combat
 + Level 3.5 Spellcasting
 + Level 4.5 Evocations


You had 11 spell levels left.
You didn't know any spells.

Dungeon Overview and Level Annotations

Branches:
Dungeon (1/1)

Altars:
Cheibriados
Dithmenos
Fedhas
Gozag
Kikubaaqudgha
Makhleb
Okawaru
Qazlal
Ru
Sif Muna
Trog
Uskayaw
Vehumet
Xom
Yredelemnul
Zin
The Shining One
Beogh
Jiyva
Lugonu

Shops:
D *[%??*?*:[((!!!!


Innate Abilities, Weirdness & Mutations

You cannot wear most types of armour.
You are very stealthy in the water. (Stealth+)
You are amphibious.
You can wear up to eight rings at the same time.
You can use your tentacles to constrict eight enemies at once.
Your skin changes colour to match your surroundings (Stealth+).
Your rubbery body absorbs attacks. (AC +1, EV +1)


Message History

You grab the wolf. Your squeeze misses the wolf.
You constrict the wolf, but do no damage.
The wolf completely misses you.
You closely miss the wolf. Your grab misses the wolf.
Your squeeze misses the wolf.
You constrict the wolf, but do no damage.
The wolf completely misses you. The wolf misses you. The wolf bites you.
The wolf completely misses you.
You completely miss the wolf. Your grab misses the wolf.
You constrict the wolf, but do no damage.
The wolf completely misses you. The wolf bites you!
* * * LOW HITPOINT WARNING * * *
You miss the wolf. You grab the wolf.
You tentacle-slap the wolf, but do no damage.
Your squeeze misses the wolf.
You constrict the wolf, but do no damage.
You constrict the wolf. The wolf bites you.
* * * LOW HITPOINT WARNING * * *
The wolf bites you.
You die...

#_........# #_......._#
###.........###
#⌠...........⌠#
######.8.........8.#####
##∩___......###......_._∩
###∩........8.# #.8........
##.............###..........
#⌠.........@###...###.......
#⌠........hh# #.<.# #.......
#⌠.........†###...###.......
##.............###..........
###∩........8.# #.8........
##∩___....†.###.......__∩
######.8.........8.#####
#§...........⌠#
###.........###


You could see 2 wolves.

Vanquished Creatures
  3 scorpions (D)
  An adder (D)
  3 giant cockroaches (D)
  A quokka (D)
8 creatures vanquished.

Notes
Turn   | Place    | Note
-------+----------+-------------------------------------------
     0 | D        | suicidejoker the Octopode Monk began the quest for the Orb.
     0 | D        | Reached XP level 1. HP: 16/16 MP: 1/1
     1 | D        | Found a corrupted altar of Lugonu.
     1 | D        | Found a hide-covered altar of Uskayaw.
     3 | D        | Found an iron altar of Okawaru.
     3 | D        | Found a burning altar of Makhleb.
     4 | D        | Found an opulent altar of Gozag.
     4 | D        | Found a bloodstained altar of Trog.
     4 | D        | Found Ajoastrimp's Staff Store.
     4 | D        | Found Caom's Magic Scroll Shop.
     5 | D        | Found Feteps's Must-Have Magic.
     5 | D        | Found Payprou's Magic Scroll Shop.
     5 | D        | Round 1.
     9 | D        | Found a blossoming altar of Fedhas.
    10 | D        | Found a shadowy altar of Dithmenos.
    11 | D        | Found an ancient bone altar of Kikubaaqudgha.
    12 | D        | Found Tegi's Bee Food.
    12 | D        | Found a basalt altar of Yredelemnul.
    12 | D        | Found a roughly hewn altar of Beogh.
    12 | D        | Found a snail-covered altar of Cheibriados.
    12 | D        | Found Poqo's Identification Station.
    13 | D        | Found Seul's Jewellery.
    13 | D        | Found Plog's Advanced Armour.
    16 | D        | Found a glowing golden altar of the Shining One.
    20 | D        | Became a worshipper of Cheibriados the Contemplative
    20 | D        | Reached * piety under Cheibriados
    20 | D        | Reached ** piety under Cheibriados
    54 | D        | Reached skill level 3 in Stealth
    74 | D        | Found a radiant altar of Vehumet.
    75 | D        | Found Pimaapt's Distillery.
    75 | D        | Found a deep blue altar of Sif Muna.
    75 | D        | Found a sacrificial altar of Ru.
    75 | D        | Found Zal Witt's Do-It-Yourself Clinic.
    76 | D        | Found Epuahigu's Distillery.
    76 | D        | Found Jiyfusch's Bottled Wisdom.
    92 | D        | Found a stormy altar of Qazlal.
    96 | D        | Found a viscous altar of Jiyva.
    96 | D        | Found a shimmering altar of Xom.
    96 | D        | Found Anopn's Weapon Rack.
    96 | D        | Found Bonuceve's Basic Armour.
    97 | D        | Found Vitatol's Miscellaneous Merchandise.
   102 | D        | Found Jeteanul's Premium Goods.
   102 | D        | Found a glowing silver altar of Zin.
   126 | D        | Reached *** piety under Cheibriados
   126 | D        | Reached skill level 1 in Spellcasting
   126 | D        | Reached skill level 1 in Evocations
   126 | D        | Reached XP level 2. HP: 21/21 MP: 1/3
   133 | D        | Noticed Sigmund
   139 | D        | Arena points: 4 (+4) [x1]
   149 | D        | Round 2.
   160 | D        | Noticed a scorpion
   172 | D        | Killed a scorpion
   172 | D        | Reached **** piety under Cheibriados
   172 | D        | Reached skill level 4 in Stealth
   172 | D        | Reached XP level 3. HP: 6/27 MP: 3/6
   172 | D        | Reached XP level 4. HP: 7/33 MP: 3/7
   192 | D        | Reached skill level 5 in Stealth
   206 | D        | Reached skill level 5 in Fighting
   206 | D        | Reached skill level 5 in Dodging
   206 | D        | Reached skill level 6 in Stealth
   206 | D        | Reached skill level 5 in Unarmed Combat
   206 | D        | Reached XP level 5. HP: 15/39 MP: 8/10
   215 | D        | Arena points: 16 (+12) [x1]
   226 | D        | Round 3.
   240 | D        | Noticed a wolf
   244 | D        | Noticed a wolf
   248 | D        | Slain by a wolf

Skill      XL: |  1  2  3  4 |
---------------+-------------+-----
Stealth        | 3 4 6 |  6.4
Spellcasting   | 1 2 3 |  3.5
Evocations     | 1 3 4 |  4.5
Fighting       | 4 5 |  5.2
Dodging        | 4 5 |  5.2
Unarmed Combat | 4 5 |  5.2

Action                   |  1- 3 |  4- 6 || total
-------------------------+-------+-------++-------
Melee: Unarmed           |    12 |    13 ||    25
       Tentacles         |     7 |     3 ||    10
       Constrict         |     3 |     5 ||     8
       Punch             |       |     1 ||     1
Armor: Skin              |     1 |     2 ||     3
Dodge: Dodged            |    13 |    11 ||    24
